 Dungeon Crawl Stone Soup version 0.28.0 (webtiles) character file.

Game seed: 7393093965218244344

18 BorgnjorsVileCrotch the Chopper (level 2, -1/27 HPs)
             Began as a Deep Dwarf Fighter on Feb 7, 2022.
             Slain by a kobold (2 damage)
             ... on level 2 of the Dungeon.
             The game lasted 00:00:57 (430 turns).

BorgnjorsVileCrotch the Chopper (Deep Dwarf Fighter) Turns: 430, Time: 00:00:57

Health: -1/27      AC:  9    Str: 19    XL:     2   Next: 51%
Magic:  2/2        EV:  9    Int:  8    God:
Gold:   12         SH:  4    Dex: 12    Spells: 1/1 levels left

rFire   . . .      SeeInvis .   a - +0 war axe
rCold   . . .      Faith    .   c - +0 buckler
rNeg    . . .      Spirit   .   b - +0 scale mail
rPois   .          Reflect  .   g - +1 helmet
rElec   .          Harm     .   (no cloak)
rCorr   .          Rampage  .   (no gloves)
Will    .....                   (no boots)
Stlth   ..........              (no amulet)
HPRegen 0.00/turn               (no ring)
MPRegen 0.08/turn               (no ring)

@: no status effects
A: damage resistance, heal wounds, sense surroundings 1, no regeneration
a: Heal Wounds


You were on level 2 of the Dungeon.
You visited 1 branch of the dungeon, and saw 2 of its levels.

You collected 12 gold pieces.

Inventory:

Hand Weapons
 a - a +0 war axe (weapon)
Missiles
 f - a throwing net (quivered) {!f}
Armour
 b - a +0 scale mail (worn)
 c - a +0 buckler (worn)
 g - a +1 helmet (worn)
   (You found it on level 1 of the Dungeon)
Potions
 d - 2 potions of might {@q3 !q}
 e - a potion of heal wounds {unknown}


   Skills:
 - Level 2.6 Fighting
 + Level 3.5 Axes
 - Level 3.2 Armour
 - Level 3.2 Shields


You had one spell level left.
You didn't know any spells.
Your spell library contained the following spells:

 Spells                   Type           Power      Damage    Failure   Level
 Gell's Gravitas          Tloc           0%         N/A       99%         3
 Teleport Other           Tloc           0%         N/A       99%         3
 Dispersal                Tloc           0%         N/A       100%        6


Dungeon Overview and Level Annotations

Branches:
Dungeon (2/15)

Altars:


Innate Abilities, Weirdness & Mutations

You are resistant to damage.
You can heal yourself by infusing magical energy.
You passively map a small area around you.
You do not regenerate.


Message History

The frilled lizard hisses angrily.
The frilled lizard moves out of view.
Found a stone staircase leading up.
There is a stone staircase leading down here.
There are monsters nearby!
Found a barding.
You block the frilled lizard's attack. The frilled lizard closely misses you.
The frilled lizard closely misses you. The hobgoblin hits you.
The frilled lizard barely misses you. The hobgoblin barely misses you.
You block the kobold's attack. The frilled lizard barely misses you.
The hobgoblin closely misses you. The kobold barely misses you.
You block the frilled lizard's attack. You block the hobgoblin's attack.
The kobold barely misses you.
The frilled lizard bites you but does no damage.
The hobgoblin barely misses you. The kobold hits you with a +0 whip.
The frilled lizard barely misses you. The hobgoblin hits you.
The kobold closely misses you. The frilled lizard closely misses you.
The hobgoblin barely misses you. The kobold hits you but does no damage.
You block the frilled lizard's attack. The hobgoblin hits you.
The kobold barely misses you. The frilled lizard bites you.
You block the hobgoblin's attack. The kobold closely misses you.
The frilled lizard barely misses you. You block the hobgoblin's attack.
You block the kobold's attack. The frilled lizard barely misses you.
The hobgoblin hits you but does no damage.
The kobold hits you but does no damage. The frilled lizard barely misses you.
The hobgoblin closely misses you. The kobold hits you with a +0 whip.
The frilled lizard closely misses you.
The hobgoblin hits you but does no damage.
You block the kobold's attack. The frilled lizard barely misses you.
The hobgoblin hits you but does no damage.
The kobold hits you but does no damage.
The frilled lizard bites you but does no damage.
The hobgoblin closely misses you. The kobold hits you but does no damage.
The frilled lizard barely misses you. The hobgoblin barely misses you.
The kobold completely misses you.
The frilled lizard bites you but does no damage.
The hobgoblin hits you.
* * * LOW HITPOINT WARNING * * *
You block the kobold's attack.
The frilled lizard bites you but does no damage.
The hobgoblin hits you but does no damage.
The kobold hits you but does no damage.
The frilled lizard bites you but does no damage.
The hobgoblin barely misses you. The kobold completely misses you.
The frilled lizard completely misses you.
The hobgoblin hits you but does no damage.
The kobold hits you with a +0 whip. You block the frilled lizard's attack.
The hobgoblin hits you but does no damage.
You block the kobold's attack. The frilled lizard closely misses you.
The hobgoblin hits you but does no damage.
The kobold hits you but does no damage.
The frilled lizard bites you but does no damage.
The hobgoblin hits you.
* * * LOW HITPOINT WARNING * * *
You block the kobold's attack.
The frilled lizard bites you but does no damage.
The hobgoblin hits you.
* * * LOW HITPOINT WARNING * * *
The kobold hits you but does no damage. The frilled lizard barely misses you.
The hobgoblin barely misses you. The kobold hits you but does no damage.
The frilled lizard bites you but does no damage.
The hobgoblin barely misses you. The kobold closely misses you.
The frilled lizard bites you. The hobgoblin barely misses you.
You block the kobold's attack. The frilled lizard bites you.
You block the hobgoblin's attack. The kobold hits you with a +0 whip.
The frilled lizard bites you but does no damage.
You block the hobgoblin's attack. The kobold hits you but does no damage.
The frilled lizard bites you. You block the hobgoblin's attack.
The kobold barely misses you. The frilled lizard barely misses you.
You block the hobgoblin's attack. The kobold barely misses you.
The frilled lizard bites you but does no damage.
The hobgoblin completely misses you. The kobold hits you but does no damage.
The frilled lizard bites you. The hobgoblin barely misses you.
The kobold hits you but does no damage.
The frilled lizard bites you but does no damage.
The hobgoblin hits you.
* * * LOW HITPOINT WARNING * * *
The kobold completely misses you.
The frilled lizard bites you but does no damage.
The hobgoblin hits you but does no damage.
The kobold hits you but does no damage.
The frilled lizard unfolds its giant frill.
The frilled lizard barely misses you. The hobgoblin barely misses you.
The kobold hits you but does no damage.
The frilled lizard bites you but does no damage.
The hobgoblin barely misses you. The kobold closely misses you.
The frilled lizard bites you but does no damage.
You block the hobgoblin's attack. The kobold barely misses you.
The frilled lizard barely misses you. You block the hobgoblin's attack.
The kobold hits you but does no damage. The frilled lizard closely misses you.
The hobgoblin barely misses you. The kobold hits you with a +0 whip.
You die...

, , * #.###.. #....#
##.#[..######....#
#.......... .....#
##...<....#* #.#..
#.........# ##K#.#
#.........#
#..#.####
*#.g...####.#..##..
* #@l....>..........
#..K....###.#.#####
#.......##....##
,#..........#....,..
, *
##......##.#..##>.#
, ##.....##....##.#
* ....(.....#.### ,
.########...#* *
*#.....<...#*


You could see a hobgoblin, a kobold and a frilled lizard.

Vanquished Creatures
  A dart slug (D:1)
  3 endoplasms
  A goblin (D:1)
  2 hobgoblins
  3 quokkas
  A ball python (D:1)
  2 bats (D:1)
  A rat (D:1)
14 creatures vanquished.

Notes
Turn   | Place    | Note
-------+----------+-------------------------------------------
     0 | D:1      | BorgnjorsVileCrotch the Deep Dwarf Fighter began the quest
                  | for the Orb.
     0 | D:1      | Reached XP level 1. HP: 20/20 MP: 1/1
   231 | D:1      | Reached skill level 3 in Axes
   231 | D:1      | Reached XP level 2. HP: 14/27 MP: 2/2
   424 | D:2      | HP: 1/27 [hobgoblin (2)]
   430 | D:2      | Slain by a kobold

Illustrated notes

Levels and vault maps discovered:
D:1:      tarquinn_simple_flora_water_c, layout_basic, serial_shops, shop
D:2:      layout_rooms

Skill      XL: |  1 |
---------------+----+-----
Axes           | 3 |  3.5
Fighting       | |  2.6
Armour         | |  3.2
Shields        | |  3.2

Action                   || total
-------------------------++-------
Melee: War axe           ||    38
 Abil: Heal Wounds       ||     1
Armor: Scale mail        ||    63
Dodge: Dodged            ||    67
Block: Buckler           ||    38
